 Dungeon Sprint DCSS version 0.30-a0-956-gcec3b41aec (webtiles) character file.

Game seed: 15406184498115604106

14 sircluck the Chopper (level 2, -2/29 HPs)
             Began as a Hill Orc Berserker on Mar 29, 2023.
             Was a Priest of Trog.
             Slain by Jessica
             ... wielding a +9 club
              (6 damage)
             ... in the Dungeon (Sprint VII: "The Pits").
             The game lasted 00:00:50 (135 turns).

sircluck the Chopper (Hill Orc Berserker)            Turns: 135, Time: 00:00:51

Health: -2/29      AC:  2    Str: 19    XL:     2   Next: 41%
Magic:  2/2        EV: 12    Int:  7    God:    Trog [***...]
Gold:   0          SH:  0    Dex: 10    Spells: 1/1 levels left

rFire   . . .      SeeInvis .    a - +0 hand axe
rCold   . . .      Faith    .    (no shield)
rNeg    . . .      Spirit   .    b - +0 animal skin
rPois   .          Reflect  .    (no helmet)
rElec   .          Rampage  .    (no cloak)
rCorr   .          NoTele   +    (no gloves)
Will    .....                    (no boots)
Stlth   +                        (no amulet)
HPRegen 0.24/turn                (no ring)
MPRegen 0.08/turn                (no ring)

@: lethally poisoned (-2 -> -9)
A: no striking features
a: Renounce Religion, Berserk, Trog's Hand


You were in the Dungeon.
You worshipped Trog.
Trog was most pleased with you.
You visited 1 branch

Inventory:

Hand Weapons
 a - a +0 hand axe (weapon)
 l - a +2 hand axe
Missiles
 k - 10 stones (quivered)
Armour
 b - a +0 animal skin (worn)
Scrolls
 h - a scroll of blinking
 j - a scroll of butterflies
Potions
 c - a potion of curing
 d - a potion of heal wounds
 e - a potion of haste
 f - 4 potions of magic
 g - 3 potions of berserk rage
 i - 2 potions of invisibility


   Skills:
 + Level 5.1 Fighting
 + Level 5.6 Axes
 + Level 2.7 Armour
 + Level 2.0 Dodging


You had one spell level left.
You didn't know any spells.
Your spell library was empty.

Dungeon Overview and Level Annotations

Branches:
Dungeon (1/1)

Altars:
Ashenzari
Cheibriados
Dithmenos
Elyvilon
Fedhas
Gozag
Hepliaklqana
Kikubaaqudgha
Makhleb
Nemelex Xobeh
Okawaru
Qazlal
Ru
Sif Muna
Trog
Uskayaw
Vehumet
Wu Jian
Xom
Yredelemnul
Zin
The Shining One
Beogh
Jiyva
Lugonu

Annotations:
D Jessica


Message History

The jackal is almost dead.
You barely miss the adder. You hit the adder but do no damage.
The adder completely misses you. The adder bites you.
You are poisoned.
The adder poisons you!
Jessica mumbles some strange words.
Jessica blinks!
The jackal closely misses you. The adder bites you.
The adder bites you but does no damage.
You hit the jackal.
You kill the jackal!
Trog accepts your kill.
You hit the adder. You closely miss the adder.
You feel sick. The adder barely misses you. The adder bites you.
You hit the adder.
The adder is almost dead.
You hit the adder. You completely miss the jackal.
You feel sick. The jackal closely misses you.
Jessica gestures at you while chanting.
You barely resist. The adder bites you. The adder closely misses you.
The jackal bites you.
You hit the adder.
The adder is heavily wounded.
You hit the jackal but do no damage. You miss the adder.
You feel sick.
You are no longer poisoned.
The adder misses you. The adder barely misses you. The jackal bites you.
The adder barely misses you. x2
You hit the adder.
The adder is almost dead.
You hit the adder.
You kill the adder!
Trog accepts your kill.
You barely miss the jackal. You hit Jessica but do no damage.
The jackal bites you.
* * * LOW HITPOINT WARNING * * *
The jackal bites you but does no damage.
The adder bites you.
* * * LOW HITPOINT WARNING * * *
You are lethally poisoned!
The adder poisons you! The jackal misses you. Jessica hits you with a +9 club.
You die...

##########.##..........
#..........†'..........
#+#####'#####......#..#
#...††# #..........
#.....# ####'#####+
###'### #.......#
#.†...# #.......#
#...@.# #.......#
####@## #...<...#
#..hSh...##.......#
#........##.......#
###########.......#
#########


You could see an adder, Jessica and 2 jackals.

Vanquished Creatures
  2 adders (D)
  A hobgoblin (D)
  A jackal (D)
  2 ball pythons (D)
  A rat (D)
7 creatures vanquished.

Notes
Turn   | Place    | Note
-------+----------+-------------------------------------------
     0 | D        | sircluck the Hill Orc Berserker began the quest for the
                  | Orb.
     0 | D        | Reached XP level 1. HP: 19/19 MP: 1/1
    41 | D        | Found a bloodstained altar of Trog.
    41 | D        | Found a shimmering blue altar of Sif Muna.
    41 | D        | Found a viscous altar of Jiyva.
    41 | D        | Found a hazy altar of Hepliaklqana.
    41 | D        | Found an opulent altar of Gozag.
    42 | D        | Found a glowing golden altar of the Shining One.
    42 | D        | Found a glowing silver altar of Zin.
    42 | D        | Found a basalt altar of Yredelemnul.
    42 | D        | Found a shimmering altar of Xom.
    42 | D        | Found an ornate altar of the Wu Jian Council.
    42 | D        | Found a sacrificial altar of Ru.
    42 | D        | Found a stormy altar of Qazlal.
    42 | D        | Found an iron altar of Okawaru.
    42 | D        | Found a sparkling altar of Nemelex Xobeh.
    42 | D        | Found a burning altar of Makhleb.
    42 | D        | Found a blossoming altar of Fedhas.
    42 | D        | Found a white marble altar of Elyvilon.
    42 | D        | Found a shadowy altar of Dithmenos.
    42 | D        | Found a snail-covered altar of Cheibriados.
    44 | D        | Found a radiant altar of Vehumet.
    44 | D        | Found a corrupted altar of Lugonu.
    44 | D        | Found a roughly hewn altar of Beogh.
    45 | D        | Found a hide-covered altar of Uskayaw.
    45 | D        | Found an ancient bone altar of Kikubaaqudgha.
    45 | D        | Found a broken altar of Ashenzari.
   109 | D        | Reached ** piety under Trog
   110 | D        | Reached skill level 5 in Axes
   110 | D        | Reached XP level 2. HP: 21/28 MP: 2/2
   117 | D        | Reached skill level 5 in Fighting
   127 | D        | Noticed Jessica
   135 | D        | Reached *** piety under Trog
   135 | D        | Slain by Jessica

Illustrated notes

Levels and vault maps discovered:
D:        pitsprint [storerooms_1, entrance_room_1, metal_vault_1, armoury_2,
          mini_pit_1, grid_room_1, main_hall_1, silver_pit, the_coven_1,
          the_vestibule_1, steel_vault_5, golden_pit, hallway_of_sentries,
          crystal_vault_2, iron_vault_2, final_vault]

Skill      XL: |  1  2 |
---------------+-------+-----
Fighting       | 4 5 |  5.1
Axes           | 5 |  5.6
Dodging        | 2 |  2.0
Armour         | |  2.7

Action                     || total
---------------------------++-------
  Melee: Hand axe          ||    19
 Armour: Animal skin       ||     6
  Dodge: Dodged            ||    18

Table legend: (Time is in decaauts)
 A = Elapsed time spent in this place.
 B = Non-inter-level travel time spent in this place.
 C = Inter-level travel time spent in this place.
 D = Time resting spent in this place.
 E = Time spent auto-exploring this place.
 F = Levels seen in this place.
 G = Mean time per level.
                   A        B        C        D        E       F      G
               +--------+--------+--------+--------+--------+-----+--------+
         Total |    136 |     83 |     53 |      0 |      0 |   1 |  136.0 |
       Dungeon |    136 |     83 |     53 |      0 |      0 |   1 |  136.0 |
               +--------+--------+--------+--------+--------+-----+--------+

Top non-repeatable levels by time:
       D: 136 daAuts
